← All builds
Suicide front / Armada / Factory first / OBSERVED BUILD

Standard suicide front

The role's default: factory first (mostly Bot Lab), pushing Rocketeer-led bot play into the middle to contest and hold the front, with an Advanced Metal Extractor around 9:36 as the natural transition.

Usually lab first (63%)

#raid #push · 1289 distinct matches · 127 players · 71% of Armada Suicide front games · team won 59% of 1527 · Recently observed

HOW TO PLAY IT

Key timing: Bot Lab by 0:20

  1. Open with mex and wind, drop Bot Lab immediately.
  2. Push out first "Centurion" as Pond's boost lands.
  3. Send "Rocketeer", "Centurion", "Pawn" mix to contest middle.
  4. Add Dragon's Teeth and Sentries to hold the line.
  5. Get Advanced Metal Extractor up as T2 nears.

Phase by phase

TYPICAL OF ITS 1289 GAMES
  1. 1
  2. 2
  3. 3
PLAY THE OPENING

Follow the example game's first 6:00 step by step: what to build now, what comes next, and where it goes. At 1× it keeps pace with your own game.

  1. 1

    Bot Lab first

    Order
    1. Bot LabBot Lab done ~0:20, middle half 0:20–0:33

    Some games also: mex (36%)

  2. 2

    Bot Lab to 5:00

    Economy
    • Metal Extractor5Mex
    • Wind Turbine4Wind
    Builders
    • Construction Bot3 Con bot
    • Lazarus2 Lazarus
    Army
    • Sentry4 Sentry
    • Rocketeer17 Rocketeer
    • Tick2 Tick
    • Centurion1 Centurion
    Other
    • Radar Tower1 Radar Tower

    Some games also: con turret (35%) · pawn (32%)

    By 5:00 in all: 5 mex · 4 wind

    The example game in this phase · 37 steps
    1. TickTick
    2. Wind
    3. TickTickfor Front
    4. Wind
    5. TickTickfor Front
    6. Mex
    7. TickTickfor Front
    8. SentrySentry
    9. TickTickfor Front
    10. Construction BotCon bot
    11. Mex
    12. LazarusLazarus
    13. Construction BotCon bot
    14. Mex
    15. LazarusLazarus
    16. SentrySentry
    17. Mex
    18. CenturionCenturion
    19. Radar TowerRadar Tower
    20. SentrySentry ×2
    21. Wind
    22. RocketeerRocketeer ×2
    23. Wind
    24. RocketeerRocketeer ×2
    25. Wind
    26. RocketeerRocketeer
    27. Construction BotCon bot
    28. Wind
    29. RocketeerRocketeer ×3
    30. Energy storage
    31. Con turret
    32. LazarusLazarus
    33. RocketeerRocketeer
    34. TickTick
    35. RocketeerRocketeer
    36. Con turret
    37. RocketeerRocketeer ×2
  3. 3

    5:00 to 10:00

    Economy
    • Metal Extractor1Mex
    • Wind Turbine17Wind
    Builders
    • Construction Turret2 Con turret
    • Lazarus2 Lazarus
    • Construction Bot1 Con bot
    Army
    • Sentry1 Sentry
    • Rocketeer8 Rocketeer
    • Pawn1 Pawn

    Some games also: tick (47%) · energy storage (46%) · Radar Tower (46%) · centurion (45%) · Beamer (39%)

    By 10:00 in all: 6 mex · 23 wind · 1 energy storage · 3 con turret

    The example game in this phase · 202 steps
    1. RocketeerRocketeer ×2
    2. Wind
    3. RocketeerRocketeer
    4. Wind
    5. RocketeerRocketeer
    6. Wind
    7. RocketeerRocketeer
    8. Wind
    9. RocketeerRocketeer
    10. Wind
    11. RocketeerRocketeer
    12. Wind
    13. RocketeerRocketeer
    14. Wind
    15. RocketeerRocketeer
    16. Wind
    17. LazarusLazarus
    18. Con turret
    19. Wind
    20. RocketeerRocketeer ×2
    21. Wind
    22. RocketeerRocketeer
    23. Wind
    24. Mex
    25. RocketeerRocketeer
    26. Wind
    27. Advanced Metal ExtractorT2 mexdone 7:09 · typical 9:36
    28. RocketeerRocketeer ×2
    29. Wind
    30. Mex
    31. RocketeerRocketeer
    32. Radar TowerRadar Tower
    33. Advanced Metal ExtractorT2 mex
    34. RocketeerRocketeer
    35. Wind
    36. SentrySentry
    37. RocketeerRocketeer
    38. Energy storage
    39. LazarusLazarus
    40. SentrySentry
    41. Construction BotCon bot
    42. SentrySentry
    43. LazarusLazarus
    44. Wind
    45. LazarusLazarus
    46. Advanced Metal ExtractorT2 mex
    47. RocketeerRocketeer
    48. Con turret
    49. Wind
    50. RocketeerRocketeer
    51. PawnPawn ×3
    52. Wind
    53. PawnPawn ×2
    54. Wind
    55. PawnPawn ×2
    56. Wind
    57. PawnPawn ×2
    58. Wind
    59. PawnPawn ×3
    60. Advanced Metal ExtractorT2 mex
    61. PawnPawn
    62. Wind
    63. Mex
    64. PawnPawn ×2
    65. Wind
    66. PawnPawn
    67. Wind
    68. PawnPawn
    69. Wind
    70. PawnPawn
    71. Wind ×2
    72. PawnPawn
    73. Wind
    74. PawnPawn ×2
    75. Wind ×2
    76. PawnPawn
    77. Wind
    78. PawnPawn
    79. Wind
    80. PawnPawn ×2
    81. Wind
    82. PawnPawn ×4
    83. Wind
    84. Construction BotCon bot ×2
    85. Wind
    86. Con turret
    87. Advanced Metal ExtractorT2 mex
    88. PawnPawn
    89. Wind
    90. PawnPawn
    91. Con turret
    92. PawnPawn
    93. Wind
    94. PawnPawn
    95. Wind
    96. PawnPawn ×2
    97. Wind
    98. PawnPawn
    99. Con turret
    100. PawnPawn ×2
    101. Wind
    102. PawnPawn
    103. RattlesnakeRattlesnakedone 11:40
    104. PawnPawn
    105. Wind
    106. PawnPawn ×3
    107. Wind
    108. PawnPawn ×3
    109. Con turret
    110. PawnPawn ×2
    111. Construction BotCon bot
    112. PawnPawn ×6
    113. Dragon's TeethDragon's Teeth
    114. Wind
    115. PawnPawn
    116. Dragon's TeethDragon's Teeth
    117. PawnPawn
    118. Dragon's TeethDragon's Teeth
    119. Wind
    120. PawnPawn
    121. Dragon's TeethDragon's Teeth
    122. PawnPawn
    123. Dragon's TeethDragon's Teeth
    124. Wind
    125. PawnPawn
    126. Dragon's TeethDragon's Teeth ×2
    127. PawnPawn
    128. Wind
    129. Dragon's TeethDragon's Teeth
    130. PawnPawn
    131. CitadelAnti-nukedone 12:43
    132. PawnPawn
    133. Wind
    134. PawnPawn ×3
    135. Wind
    136. PawnPawn ×2
    137. Wind
    138. PawnPawn ×3
    139. Wind
    140. PawnPawn
    141. Wind
    142. PawnPawn ×2
    143. Wind
    144. PawnPawn ×2
    145. Wind
    146. PawnPawn ×2
    147. Wind
    148. Construction BotCon bot
    149. Wind ×3
    150. Aircraft PlantAircraft Plantdone 12:43
    151. Wind ×2
    152. Con turret
    153. Wind
    154. RattlesnakeRattlesnake
    155. Wind
    156. Con turret
    157. Wind ×2
    158. Radar TowerRadar Tower
    159. Wind
    160. Sneaky PeteSneaky Pete
    161. Wind ×3
    162. BlinkScout plane ×2
    163. Wind ×3
    164. BlinkScout plane
    165. Wind ×2
    166. BlinkScout plane
    167. Cloakable Fusion ReactorCloakable Fusion Reactornot finished by 15:00
    168. Con turret
    169. Wind
    170. BlinkScout plane
    171. Wind
    172. Construction BotCon bot
    173. Wind
    174. Construction AircraftCon aircraft
    175. Con turret
    176. Construction BotCon bot
    177. Wind
    178. Construction AircraftCon aircraft
    179. Wind
    180. Construction BotCon bot
    181. Wind ×2
    182. BlinkScout plane
    183. Wind
    184. Construction BotCon bot
    185. Wind
    186. BlinkScout plane
    187. Wind ×2
    188. Con turret
    189. Wind ×2
    190. Con turret ×2
    191. Wind ×5
    192. ShipyardShipyarddone 14:54
    193. Con turret
    194. BlinkScout plane
    195. Wind
    196. Converter
    197. BlinkScout plane
    198. Con turret
    199. Wind
    200. Con turret
    201. Wind
    202. Converter

Counts are medians over the build's games: half of them build more, half fewer. The example game is Tregan's (37 OS, 13/09/2026); pick another.

Team trades

IN AT LEAST 30% OF ITS GAMES

You hand over

Nothing regular.

You get

  • Tidal Generator4 Tidal from Pondfirst at 0:10 · in 69% of games
  • Advanced Construction Bot1 T2 con bot from Geo or Techfirst at 7:31 · in 59% of games

How it plays out

Typical game of this build, running totals by minute

Metal produced

010k20k30k
0:005:0010:0015:00

metal

Enemy metal destroyed

05k10k
0:005:0010:0015:00

metal

Own metal lost

05k10k
0:005:0010:0015:00

metal

1527 games.

Show as table
ByMetal produced: This buildEnemy metal destroyed: This buildOwn metal lost: This build
1:0022600
2:0088800
3:002050179106
4:003161658496
5:00424314121026
6:00543322971789
7:00667031752710
8:00792040293619
9:00931747894495
10:001069754225316
11:001226558996054
12:001411464906830
13:001623070097536
14:001811476808373
15:002046683169249
WHAT THE NUMBERS SAY

Standard suicide front play wins slightly more than half its games with fast kills but also fast losses, matching the raw grind of the role.

  • + First kill lands by 2:04 in all games
  • + Metal produced reaches 19882 by 15:00
  • − Own metal lost hits 9208 by 15:00, near metal destroyed of 8172
  • − First unit lost as early as 2:08 in every game
THE EXAMPLE YOU ARE READING

Tregan

37.0 OS · 13/09/2026

Open source match ↗

5 received units · includes a constructor
340 metal received · 36889 energy received

Allied construction assistance is unknown. Timings are observations, not a promise of solo reproducibility.

Typical milestones

Bot Lab0:20Middle 50%: 0:20–0:33 · n=1520
Advanced Metal Extractor9:36Middle 50%: 8:41–10:48 · n=1126

Played most by

_X_253games of this buildPlatinumBlonde181games of this buildXad120games of this buildImmort73games of this buildwatermeloans58games of this build